 Dungeon Crawl Stone Soup version 0.21.1-1-g345015fe64 (webtiles) character file.

574 Hercules1031 the Chopper (level 7, 0/61 HPs)
             Began as a Hill Orc Monk on June 23, 2018.
             Was a Believer of Beogh.
             Slain by a slave (2 damage)
             ... led by Pikel
             ... on level 5 of the Dungeon.
             The game lasted 00:12:41 (3538 turns).

Hercules1031 the Chopper (Hill Orc Monk)            Turns: 3538, Time: 00:12:43

Health: 0/61       AC:  7    Str: 19    XL:     7   Next: 35%
Magic:  0/9        EV: 20    Int: 12    God:    Beogh [**....]
Gold:   171        SH:  0    Dex: 13    Spells: 9/9 levels left

rFire    + . .     SeeInvis .   d - +3 mace
rCold    . . .     Gourm    .   (no shield)
rNeg     . . .     Faith    .   i - +2 ring mail {rF+}
rPois    .         Spirit   +   (no helmet)
rElec    .         Reflect  .   (no cloak)
rCorr    .         Harm     .   (no gloves)
MR       .....                  (no boots)
Stlth    +.........             t - amulet of guardian spirit
HPRegen  0.20/turn              k - +3 ring of strength
MPRegen  0.11/turn              c - +5 ring of evasion

@: no status effects
A: repulsion field 2, clever 1
a: Smiting, Renounce Religion


You were on level 5 of the Dungeon.
You worshipped Beogh.
Beogh was pleased with you.
You were full.

You visited 1 branch of the dungeon, and saw 5 of its levels.

You collected 171 gold pieces.

Inventory:

Hand Weapons
 a - a +0 hand axe
 d - a +3 mace (weapon)
 f - a +0 long sword
Armour
 b - a +1 robe
 h - a +0 robe
 i - a +2 ring mail of fire resistance (worn)
Jewellery
 c - a +5 ring of evasion (right hand)
 j - an uncursed ring of protection from magic
 k - a +3 ring of strength (left hand)
 s - an uncursed ring of protection from magic
 t - an amulet of guardian spirit (around neck)
Wands
 e - a wand of disintegration (11)
Scrolls
 m - a scroll of teleportation
 n - a scroll of remove curse
 p - a scroll of fog
 q - a scroll of enchant armour
Potions
 l - 2 potions of flight
Comestibles
 o - 2 rations


   Skills:
 + Level 5.6 Fighting
 - Level 6.0 Axes
 + Level 3.6 Armour
 + Level 3.8 Dodging
 - Level 1.5 Stealth
 + Level 1.6 Spellcasting


You had 9 spell levels left.
You didn't know any spells.

Dungeon Overview and Level Annotations

Branches:
Dungeon (5/15)             Temple (0/1) D:4

Altars:
Cheibriados
Elyvilon
Nemelex Xobeh
Okawaru
Sif Muna
Vehumet

Annotations:
D:5 Pikel


Innate Abilities, Weirdness & Mutations

You are surrounded by a moderate repulsion field. (EV +3)
Your mind is acute. (Int +2)


Message History

* * * LOW HITPOINT WARNING * * *
Pikel freezes you. The slave misses you.
You closely miss Pikel.
Pikel is heavily wounded.
The slave misses you. Pikel misses you. The slave hits you.
* * * LOW HITPOINT WARNING * * *
The scorpion misses you.
You hit Pikel.
Pikel is severely wounded.
Pikel completely misses you. The slave closely misses you.
The slave misses you. The scorpion stings you.
* * * LOW HITPOINT WARNING * * *
The phantom blinks!
You sock Pikel!
Pikel is severely wounded.
Pikel says, "It's all about the gold, really."
Pikel closely misses you. The slave misses you. The slave barely misses you.
The scorpion stings you but does no damage.
The slave hits you.
You die...

#.)(#
#.))############
##.(...........
#.(######...# ##..#
###...###
######...####...W...#
#.((.)o.............#
#.####...####>..s...#
##.# #.#....###@p§###
.#.# #.###...##Kp.#
...# #.# ....pp.##
.### #.# ..##..# ##
#.# #####..# # #.#
#..# ######.#.## #..#
......# #.# #..#
######. ..#


You could see Pikel, a phantom, 4 slaves and a scorpion.

Vanquished Creatures
  2 centaurs (D:5)
  A scorpion (D:4)
  A crimson imp (D:5)
  A centaur zombie (D:5)
  3 orc wizards
  Terence (D:2)
  2 worker ants
  A hound skeleton (D:4)
  6 adders
  A shadow imp (D:2)
  An adder zombie (D:4)
  2 dart slugs (D:1)
  2 leopard geckos
  13 orcs
  A giant cockroach (D:1)
  6 goblins
  2 hobgoblins (D:3)
  4 jackals (D:4)
  A quokka (D:4)
  2 bats
  7 frilled lizards
  4 kobolds
  2 rats (D:2)
66 creatures vanquished.

Vanquished Creatures (others)
  An orc wizard (D:5)
  An orc (D:5)
  A quokka (D:3)
3 creatures vanquished.

Grand Total: 69 creatures vanquished

Notes
Turn   | Place    | Note
-------+----------+-------------------------------------------
     0 | D:1      | Hercules1031 the Hill Orc Monk began the quest for the Orb.
     0 | D:1      | Reached XP level 1. HP: 19/19 MP: 1/1
   196 | D:1      | Reached XP level 2. HP: 25/27 MP: 2/2
   581 | D:2      | Noticed Terence
   596 | D:2      | Gained mutation: Your mind is acute. (Int +2) [potion of mutation]
   596 | D:2      | Gained mutation: You are surrounded by a mild repulsion field. (EV +2) [potion of mutation]
   596 | D:2      | Gained mutation: You are surrounded by a moderate repulsion field. (EV +3) [potion of mutation]
   603 | D:2      | Killed Terence
   603 | D:2      | Reached skill level 1 in Armour
   603 | D:2      | Reached XP level 3. HP: 13/33 MP: 3/3
  1012 | D:2      | Reached skill level 5 in Axes
  1032 | D:2      | Reached XP level 4. HP: 27/40 MP: 4/4
  1801 | D:3      | Found a radiant altar of Vehumet.
  1858 | D:3      | Reached XP level 5. HP: 42/47 MP: 5/5
  1876 | D:3      | Found a white marble altar of Elyvilon.
  2164 | D:3      | Found an iron altar of Okawaru.
  2590 | D:4      | Found a staircase to the Ecumenical Temple.
  2805 | D:4      | Found a deep blue altar of Sif Muna.
  2869 | D:4      | Reached skill level 6 in Axes
  3045 | D:4      | Found a snail-covered altar of Cheibriados.
  3129 | D:4      | Reached XP level 6. HP: 24/55 MP: 4/6
  3356 | D:5      | Entered Level 5 of the Dungeon
  3368 | D:5      | Became a worshipper of Beogh the Brigand
  3368 | D:5      | Reached * piety under Beogh
  3368 | D:5      | Reached ** piety under Beogh
  3377 | D:5      | Reached skill level 5 in Fighting
  3406 | D:5      | Reached skill level 1 in Spellcasting
  3418 | D:5      | Found a sparkling altar of Nemelex Xobeh.
  3444 | D:5      | Reached XP level 7. HP: 35/61 MP: 5/8
  3517 | D:5      | Noticed Pikel
  3537 | D:5      | HP: 2/61 [scorpion (3)]
  3538 | D:5      | Slain by a slave

Skill      XL: |  1  2  3  4  5  6 |
---------------+-------------------+-----
Fighting       | 4 5 |  5.6
Armour         | 1 2 3 |  3.6
Axes           | 5 6 |  6.0
Dodging        | 3 |  3.8
Spellcasting   | 1 |  1.6
Stealth        | |  1.5

Action                   |  1- 3 |  4- 6 |  7- 9 || total
-------------------------+-------+-------+-------++-------
Melee: Hand axe          |    69 |   126 |       ||   195
       Mace              |       |    57 |    48 ||   105
Invok: Convert to Beogh  |       |     1 |       ||     1
  Use: Potion            |     3 |     8 |     2 ||    13
       Scroll            |     6 |     7 |       ||    13
 Stab: Sleeping          |     1 |       |       ||     1
  Eat: Ration            |       |     4 |       ||     4
Armor: Robe              |    10 |     9 |       ||    19
       Skin              |       |    20 |       ||    20
       Ring mail         |       |    18 |    19 ||    37
Dodge: Dodged            |    40 |   185 |   177 ||   402
